 Dungeon Crawl Stone Soup version 0.20.1-1-g8b1a95d (webtiles) character file.

149 moscheto the Sneak (level 5, -2/35 HPs)
             Began as an Octopode Assassin on Dec 31, 2017.
             Slain by a hound skeleton (3 damage)
             ... on level 4 of the Dungeon.
             The game lasted 00:06:55 (1954 turns).

moscheto the Sneak (Octopode Assassin)              Turns: 1954, Time: 00:06:57

Health: -2/35      AC:  1    Str: 11    XL:     5   Next: 31%
Magic:  5/5        EV: 15    Int: 13    God:
Gold:   139        SH:  0    Dex: 14    Spells: 4/4 levels left

rFire    + . .     SeeInvis .   a - +2 dagger
rCold    . . .     Gourm    +   (no shield)
rNeg     . . .     Faith    .   (helmet restricted)
rPois    .         Spirit   .   f - amulet of the gourmand
rElec    .         Reflect  .   w - ring of protection from fire
rCorr    .         Harm     .   (no ring)
MR       .....                  (no ring)
Stlth    ++++......             (no ring)
Regen    0.2/turn               (no ring)
MPRegen  0.1/turn               (no ring)
                                (no ring)
                                (no ring)

@: hasted, very quick
A: almost no armour, stealthy swim, amphibious, 8 rings, constrict 8, camouflage
1, gelatinous body 1
a: no special abilities


You were on level 4 of the Dungeon.
You were not hungry.

You visited 1 branch of the dungeon, and saw 4 of its levels.

You collected 139 gold pieces.

Inventory:

Hand Weapons
 a - a +2 dagger (weapon)
 b - a +0 blowgun
 h - a +0 spear of pain
Missiles
 c - 8 poisoned needles
 d - 2 curare-tipped needles
Jewellery
 f - an amulet of the gourmand (around mantle)
 s - an uncursed ring of teleportation
 w - a ring of protection from fire (left tentacle)
Wands
 t - a wand of flame (17/48)
Scrolls
 e - 6 scrolls of identify
 i - a scroll of amnesia {unknown}
 l - a scroll of blinking {unknown}
 m - a scroll of recharging {unknown}
 o - a scroll of immolation {unknown}
 r - a scroll of teleportation
 u - a scroll of noise {unknown}
Potions
 k - 4 potions of brilliance
 v - a potion of berserk rage {unknown}
Comestibles
 g - a royal jelly
 n - a meat ration
 q - a bread ration


   Skills:
 * Level 2.3 Fighting
 - Level 2.0 Short Blades
 - Level 2.0 Throwing
 * Level 4.1 Dodging
 - Level 6.4 Stealth


You had 4 spell levels left.
You didn't know any spells.

Dungeon Overview and Level Annotations

Branches:
Dungeon (4/15)
 Temple: D:4-7

Altars:


Innate Abilities, Weirdness & Mutations

You cannot wear most types of armour.
You are very stealthy in the water. (Stealth+)
You are amphibious.
You can wear up to eight rings at the same time.
You can use your tentacles to constrict eight enemies at once.
Your skin changes colour to match your surroundings (Stealth+).
Your rubbery body absorbs attacks. (AC +1, EV +1)


Message History

The orc wizard is lightly wounded.
You constrict the orc wizard, but do no damage.
The hound skeleton bites you. The adder barely misses you.
The orc hits you from afar with a trident.
You barely miss the orc wizard. You squeeze the orc wizard.
The orc wizard is moderately wounded.
You constrict the orc wizard, but do no damage.
The orc wizard hits you with a dagger. The orc closely misses you.
The hound skeleton barely misses you. The adder bites you but does no damage.
You hit the orc wizard.
The orc wizard is heavily wounded.
You constrict the orc wizard. The orc completely misses you.
The orc wizard hits you with a dagger.
* * * LOW HITPOINT WARNING * * *
The hound skeleton closely misses you.
You feel better.
You constrict the orc wizard. The adder closely misses you.
The orc hits you with a war axe!
* * * LOW HITPOINT WARNING * * *
The hound skeleton bites you.
You die...

###'########'#...
.......#..............##
.......#..............#
.......#..............#
.......#..............#
.....#..............#
...#.....##########
######o#.....#
......Z@.....#
......o)S....#
.....o.......#
.............#
........###### ......<.#
........# ........+


You could see an orc wizard, an adder, 2 orcs and a hound skeleton.

Vanquished Creatures
  An orc wizard (D:4)
  4 adders
  2 worms
  3 dart slugs
  A leopard gecko (D:1)
  2 orcs
  2 ball pythons
  7 bats
  2 giant cockroaches
  13 hobgoblins
  5 jackals
  6 kobolds
  2 quokkas (D:2)
  7 frilled lizards
  9 goblins
  3 rats
69 creatures vanquished.

Notes
Turn   | Place    | Note
-------+----------+-------------------------------------------
     0 | D:1      | moscheto the Octopode Assassin began the quest for the Orb.
     0 | D:1      | Reached XP level 1. HP: 14/14 MP: 1/1
    65 | D:1      | Reached XP level 2. HP: 18/19 MP: 2/2
   514 | D:1      | Reached XP level 3. HP: 22/24 MP: 3/3
   822 | D:2      | Reached skill level 6 in Stealth
   910 | D:2      | Reached XP level 4. HP: 27/29 MP: 4/4
  1901 | D:4      | Reached XP level 5. HP: 34/34 MP: 5/5
  1954 | D:4      | HP: 1/35 [orc/war axe (12)]
  1954 | D:4      | Slain by a hound skeleton

Skill      XL: |  1  2  3  4  5 |
---------------+----------------+-----
Dodging        | 2 3 4 |  4.1
Stealth        | 6 |  6.4
Fighting       | |  2.3
Short Blades   | |  2.0
Throwing       | |  2.0

Action                   |  1- 3 |  4- 6 || total
-------------------------+-------+-------++-------
Melee: Dagger            |    78 |    69 ||   147
       Constrict         |    20 |    19 ||    39
       Tentacles         |    10 |    15 ||    25
 Fire: Blowgun           |     3 |       ||     3
  Use: Scroll            |     3 |     2 ||     5
       Potion            |       |     3 ||     3
 Stab: Sleeping          |     9 |     7 ||    16
       Distracted        |       |     1 ||     1
  Eat: Bread ration      |       |     1 ||     1
       Royal jelly       |       |     1 ||     1
Armor: Skin              |     5 |     6 ||    11
Dodge: Dodged            |    39 |    50 ||    89
